 Dungeon Crawl Stone Soup version 0.30-a0-626-gd6a5dd7a1f (webtiles) character file.

Game seed: 17524870339498063654

39 Newt the Shooter (level 3, 0/20 (21) HPs)
             Began as a Kobold Hunter on Jan 11, 2023.
             Slain by Blork the orc
             ... wielding a +1 scimitar of draining
              (1 damage)
             ... on level 4 of the Dungeon.
             The game lasted 00:01:12 (1244 turns).

Newt the Shooter (Kobold Hunter)                    Turns: 1244, Time: 00:01:12

HP:   0/20 (21)     AC:  3    Str:  8    XL:     3   Next: 67%
MP:   3/3           EV: 11    Int: 10    God:
Gold: 497           SH:  0    Dex: 20    Spells: 2/2 levels left

rFire   . . .      SeeInvis .    a - +1 shortbow
rCold   . . .      Faith    .    (shield currently unavailable)
rNeg    . . .      Spirit   .    c - +0 leather armour
rPois   .          Reflect  .    (no helmet)
rElec   .          Harm     .    (no cloak)
rCorr   .          Rampage  .    (no gloves)
Will    .....                    (no boots)
Stlth   +++                      (no amulet)
HPRegen 0.23/turn                (no ring)
MPRegen 0.08/turn                (no ring)

@: brilliant, constricted, lightly drained
A: small, no large weapons, nightstalker 3
a: no special abilities


You were on level 4 of the Dungeon.
You visited 1 branch of the dungeon, and saw 4 of its levels.

You collected 537 gold pieces.
You spent 40 gold pieces at shops.

Inventory:

Hand Weapons
 a - a +1 shortbow (weapon)
Armour
 c - a +0 leather armour (worn)
Jewellery
 g - a +6 ring of strength
Scrolls
 b - a scroll of immolation
 f - a scroll of amnesia {unknown}
Potions
 d - 2 potions of might
 e - a potion of brilliance
 h - a potion of heal wounds {unknown}
 i - 2 potions of curing {unknown}
 j - a potion of berserk rage {unknown}


   Skills:
 - Level 2.1 Fighting
 + Level 6.3 Ranged Weapons
 - Level 2.4 Dodging
 - Level 3.0 Stealth


You had 2 spell levels left.
You didn't know any spells.
Your spell library was empty.

Dungeon Overview and Level Annotations

Branches:
Dungeon (4/15)
 Temple: D:4-7

Altars:

Shops:
D:2 !

Annotations:
D:4 Blork the orc


Innate Abilities, Weirdness & Mutations

You are small and have problems with some larger weapons.
You are completely attuned to the shadows.


Message History

The orc barely misses you.
Unknown command.
You escape the ball python's grasp.
The frilled lizard completely misses you.
The orc misses you.
You climb downwards.
Level annotation: Blork the orc
There is a stone staircase leading up here.
Unknown command.
You shoot an arrow.
The arrow barely misses the frilled lizard.
The ball python closely misses you. The ball python grabs you.
The ball python constricts you. Blork the orc misses you.
The ball python bites you. The ball python constricts you.
The frilled lizard barely misses you.
You shoot an arrow. The arrow misses the frilled lizard.
Blork the orc barely misses you. The ball python bites you.
The ball python constricts you. The frilled lizard closely misses you.
Blork the orc misses you.
You shoot an arrow. The arrow hits the frilled lizard!
You kill the frilled lizard!
The ball python bites you. The ball python constricts you.
Blork the orc closely misses you. The ball python bites you.
The ball python constricts you.
* * * LOW HITPOINT WARNING * * *
Unknown command.
You shoot an arrow.
The arrow completely misses Blork the orc.
The ball python bites you.
* * * LOW HITPOINT WARNING * * *
The ball python constricts you.
* * * LOW HITPOINT WARNING * * *
Blork the orc gestures wildly while chanting.
Blork the orc seems to speed up.
It was a potion of brilliance.
You feel clever all of a sudden.
Blork the orc hits you with a +1 scimitar of draining.
* * * LOW HITPOINT WARNING * * *
You feel drained.
You die...

.........# .........#
........## ############
........# ##..........###
........# #...........<..
........####..............
#........##...............
#........##......o........
##....#..#......@.........
#....#..#......S.........
###..#..#...............
####.................
#..#.............
#..##..... ##.# #... #.#
##


You could see Blork the orc (fast) and a ball python.

Vanquished Creatures
  An adder (D:2)
  A worm (D:2)
  A dart slug (D:1)
  3 ball pythons
  A bat (D:1)
  A giant cockroach (D:1)
  2 goblins
  6 hobgoblins (D:1)
  2 quokkas
  4 frilled lizards
  2 rats (D:1)
24 creatures vanquished.

Notes
Turn   | Place    | Note
-------+----------+-------------------------------------------
     0 | D:1      | Newt the Kobold Hunter began the quest for the Orb.
     0 | D:1      | Reached XP level 1. HP: 12/12 MP: 1/1
   124 | D:1      | Reached XP level 2. HP: 17/17 MP: 2/2
   623 | D:1      | Reached XP level 3. HP: 16/21 MP: 3/3
   910 | D:2      | Identified a scroll of acquirement
   910 | D:2      | Acquired 459 gold pieces
   951 | D:2      | Reached skill level 6 in Ranged Weapons
  1077 | D:2      | Found Holoqa's Distillery.
  1086 | D:2      | Bought a potion of might for 40 gold pieces
  1184 | D:2      | You fall into a shaft and drop 2 floors!
  1228 | D:4      | Noticed Blork the orc
  1244 | D:4      | HP: 1/21 [Blork the orc/+1 scimitar of draining (3)]
  1244 | D:4      | Slain by Blork the orc

Illustrated notes

Levels and vault maps discovered:
D:1:      minmay_arrival_shattered_statue, layout_basic
D:2:      layout_loops_cross, basic_ecumenical_altar, serial_shops,
          nicolae_shop_hallway_plus, kennysheep_generic_room_4, uniq_terence
D:3:      layout_rooms, nrook_mini_vaults
D:4:      layout_cave_pods, serial_shops, shop, nicolae_diamond_shop, shop,
          nicolae_diamond_shop, nicolae_shop_statue_plus, minmay_manual_mess,
          uniq_sigmund, uniq_pikel, uniq_blork_the_orc, uniq_robin

Skill      XL: |  1  2  3 |
---------------+----------+-----
Stealth        | 2 3 |  3.0
Ranged Weapons | 6 |  6.3
Fighting       | |  2.1
Dodging        | |  2.4

Action                   || total
-------------------------++-------
 Fire: Shortbow          ||    56
  Use: Scroll            ||     2
       Potion            ||     1
Armor: Leather armour    ||     1
Dodge: Dodged            ||    26

Table legend: (Time is in decaauts)
 A = Elapsed time spent in this place.
 B = Non-inter-level travel time spent in this place.
 C = Inter-level travel time spent in this place.
 D = Time resting spent in this place.
 E = Time spent auto-exploring this place.
 F = Levels seen in this place.
 G = Mean time per level.
                   A        B        C        D        E       F      G
               +--------+--------+--------+--------+--------+-----+--------+
         Total |   1258 |   1248 |     10 |      0 |   1114 |   4 |  314.5 |
       Dungeon |   1258 |   1248 |     10 |      0 |   1114 |   4 |  314.5 |
               +--------+--------+--------+--------+--------+-----+--------+

Top non-repeatable levels by time:
     D:1: 918 daAuts
     D:2: 279 daAuts
     D:4: 58 daAuts
     D:3: 2 daAuts
